TOP OF THE 1ST |
Delmarva Shorebirds batting - Pitching for Lake County Captains : RHP Jose Esteban
|
Pitching: RHP Jose Esteban
|
|
Batting: RHB Josh Hopp
|
0-0: Ball 1-0: SINGLE (Line Drive, 7S, EV 101.9 MPH)
|
Batting: RHB Daniel Jackson
|
0-0: Ball Josh Hopp steals 2nd base (no throw) 1-0: Ball 2-0: Called Strike 2-1: Foul Ball, location: 2F 2-2: Strikes out swinging
|
Batting: RHB Ethan Finke
|
0-0: SINGLE (Line Drive, 5D, EV 98.8 MPH) Josh Hopp to third Runner from 3rd tries for Home, SAFE, throw by LF to home
|
Batting: RHB Ismael Macedo
|
0-0: Called Strike 0-1: Ball 1-1: Ball 2-1: TRIPLE (Line Drive, 89XD, EV 106.2 MPH) Ethan Finke scores
|
Batting: RHB Luke Vaccarino
|
0-0: Foul Ball, location: 2F 0-1: Foul Ball, location: 2F 0-2: Foul Ball, location: 2F 0-2: Foul Ball, location: 2F 0-2: Strikes out swinging
|
Batting: RHB Francisco Viera
|
0-0: Called Strike 0-1: Foul Ball, location: 2F 0-2: Foul Ball, location: 2F 0-2: Ball 1-2: Ball 2-2: Ball 3-2: SINGLE (Groundball, 34D, EV 103.1 MPH) Ismael Macedo scores
|
Batting: RHB Mike Zepeda
|
0-0: Ball Francisco Viera steals 2nd base 1-0: Ball 2-0: Ball 3-0: Called Strike 3-1: Base on Balls
|
Batting: RHB Matt O'Dea
|
0-0: Ball 1-0: Ball 2-0: Ball 3-0: Called Strike 3-1: Base on Balls Francisco Viera to third Mike Zepeda to second
|
Batting: RHB Dave Perron
|
0-0: Ball 1-0: Ball 2-0: Ball 3-0: Called Strike 3-1: Called Strike 3-2: Foul Ball, location: 2F 3-2: SINGLE (Groundball, 4MD, EV 103.1 MPH) Francisco Viera scores Mike Zepeda to third Matt O'Dea to second Mike Zepeda scores Matt O'Dea to third
|
Pitching: RHP Theodore Behr
|
|
Batting: RHB Josh Hopp
|
0-0: Called Strike 0-1: Ball 1-1: Ball 2-1: Ball 3-1: Base on Balls Dave Perron to second
|
Batting: RHB Daniel Jackson
|
0-0: Called Strike 0-1: Ball 1-1: Fly out, F9 (Flyball, 89XD, EV 87.5 MPH)
|
Top of the 1st over - 5 runs, 5 hits, 0 errors, 3 left on base; Delmarva 5 - Lake County 0 |
BOTTOM OF THE 1ST |
Lake County Captains batting - Pitching for Delmarva Shorebirds : RHP Juan Estrada
|
Pitching: RHP Juan Estrada
|
|
Batting: RHB George Wagner
|
0-0: Ball 1-0: SINGLE (Groundball, 34D, EV 98.1 MPH)
|
Batting: RHB Steve Gusman
|
0-0: Called Strike 0-1: Swinging Strike George Wagner steals 2nd base 0-2: Ball 1-2: Fly out, F8 (Line Drive, 8LS, EV 108.1 MPH)
|
Batting: RHB Josh Patterson
|
0-0: Called Strike 0-1: Ball 1-1: Ball 2-1: Called Strike 2-2: SINGLE (Line Drive, 5D, EV 95.6 MPH) George Wagner to third Runner from 3rd tries for Home, SAFE, throw by LF to home
|
Batting: LHB Jeff Palmowski
|
0-0: Ball Josh Patterson steals 2nd base 1-0: Called Strike 1-1: Ball 2-1: Swinging Strike 2-2: Ball 3-2: 2-RUN HOME RUN (Flyball, 9D, EV 95.6 MPH), Distance : 362 ft
|
Batting: RHB Adam McMillen
|
0-0: SINGLE (Groundball, 34D, EV 95.0 MPH)
|
Batting: LHB Aaron Caron
|
0-0: Foul Ball, location: 2F 0-1: Called Strike 0-2: Foul Ball, location: 2F 0-2: Fielders Choice at 2nd, 4-6 (Groundball, 4, EV 81.9 MPH)
|
Batting: RHB Carlos Salazar
|
0-0: Ball Aaron Caron steals 2nd base 1-0: Foul Ball, location: 2F 1-1: Called Strike 1-2: Foul Ball, location: 2F 1-2: Strikes out looking
|
Bottom of the 1st over - 3 runs, 4 hits, 0 errors, 1 left on base; Delmarva 5 - Lake County 3 |
TOP OF THE 2ND |
Delmarva Shorebirds batting - Pitching for Lake County Captains : RHP Theodore Behr
|
Batting: RHB Ethan Finke
|
0-0: Ball 1-0: Foul Ball, location: 2F 1-1: Foul Ball, location: 2F 1-2: Ball 2-2: Strikes out looking
|
Batting: RHB Ismael Macedo
|
0-0: Ball 1-0: Ball 2-0: Called Strike 2-1: Ball 3-1: Foul Ball, location: 2F 3-2: Base on Balls
|
Batting: RHB Luke Vaccarino
|
0-0: Ball Ismael Macedo is caught stealing 2nd base 2-4 1-0: Fly out, F8 (Flyball, 78S, EV 84.4 MPH)
|
Top of the 2nd over - 0 runs, 0 hits, 0 errors, 0 left on base; Delmarva 5 - Lake County 3 |
BOTTOM OF THE 2ND |
Lake County Captains batting - Pitching for Delmarva Shorebirds : RHP Juan Estrada
|
Batting: LHB Rich Walker
|
0-0: Called Strike 0-1: Called Strike 0-2: Strikes out swinging, 2-3 out at first.
|
Batting: RHB Jeremy Givens
|
0-0: Ball 1-0: Ground out U3 (Groundball, 3, EV 90.6 MPH)
|
Batting: RHB George Wagner
|
0-0: Ball 1-0: Ball 2-0: SINGLE (Groundball, 5S, EV 70.6 MPH) (infield hit)
|
Batting: RHB Steve Gusman
|
0-0: Ball 1-0: Foul Ball, location: 2F 1-1: Ball George Wagner steals 2nd base (no throw) 2-1: Ground out 4-3 (Groundball, 4M, EV 109.4 MPH)
|
Bottom of the 2nd over - 0 runs, 1 hit, 0 errors, 1 left on base; Delmarva 5 - Lake County 3 |
TOP OF THE 3RD |
Delmarva Shorebirds batting - Pitching for Lake County Captains : RHP Theodore Behr
|
Batting: RHB Francisco Viera
|
0-0: Ball 1-0: Called Strike 1-1: Ball 2-1: Called Strike 2-2: Ball 3-2: Ground out 5-3 (Groundball, 5S, EV 91.9 MPH)
|
Batting: RHB Mike Zepeda
|
0-0: Ball 1-0: Ball 2-0: Foul Ball, location: 2F 2-1: SINGLE (Line Drive, 6M, EV 94.4 MPH)
|
Batting: RHB Matt O'Dea
|
0-0: Called Strike Mike Zepeda steals 2nd, throwing error, E2 Mike Zepeda to third 0-1: SINGLE (Line Drive, 78S, EV 99.4 MPH) Mike Zepeda scores
|
Batting: RHB Dave Perron
|
0-0: Ball Matt O'Dea steals 2nd, throwing error, E2 Matt O'Dea to third 1-0: Called Strike 1-1: Fly out, F7 (Flyball, 78D, EV 89.4 MPH) Runner from 3rd tags up, SCORES, throw by LF
|
Batting: RHB Josh Hopp
|
0-0: Ball 1-0: Ground out U3 (Groundball, 3L, EV 88.1 MPH)
|
Top of the 3rd over - 2 runs, 2 hits, 2 errors, 0 left on base; Delmarva 7 - Lake County 3 |
BOTTOM OF THE 3RD |
Lake County Captains batting - Pitching for Delmarva Shorebirds : RHP Juan Estrada
|
Batting: RHB Josh Patterson
|
0-0: Ball 1-0: Called Strike 1-1: Swinging Strike 1-2: Ball 2-2: Ball 3-2: Strikes out swinging
|
Batting: LHB Jeff Palmowski
|
0-0: Ball 1-0: Ball 2-0: Called Strike 2-1: SOLO HOME RUN (Flyball, 89XD, EV 104.4 MPH), Distance : 396 ft
|
Batting: RHB Adam McMillen
|
0-0: Swinging Strike 0-1: Foul Ball, location: 2F 0-2: Ball 1-2: Foul Ball, location: 2F 1-2: Ball 2-2: SINGLE (Groundball, 56S, EV 73.1 MPH) (infield hit)
|
Batting: LHB Aaron Caron
|
0-0: Ball 1-0: Called Strike 1-1: Foul Ball, location: 2F 1-2: Foul Ball, location: 2F 1-2: Ball 2-2: Foul Ball, location: 2F 2-2: Fielders Choice at 2nd, 4-6 (Groundball, 4, EV 103.1 MPH)
|
Batting: RHB Carlos Salazar
|
0-0: Ball Aaron Caron steals 2nd base 1-0: Called Strike 1-1: SINGLE (Line Drive, 4M, EV 97.5 MPH) Aaron Caron to third Runner from 3rd tries for Home, SAFE, throw by CF to home
|
Pitching: RHP Nick Weirick
|
|
Batting: LHB Rich Walker
|
0-0: Called Strike Carlos Salazar steals 2nd base 0-1: Foul Ball, location: 2F 0-2: Foul Ball, location: 2F 0-2: Ball 1-2: Strikes out swinging
|
Bottom of the 3rd over - 2 runs, 3 hits, 0 errors, 1 left on base; Delmarva 7 - Lake County 5 |
TOP OF THE 4TH |
Delmarva Shorebirds batting - Pitching for Lake County Captains : RHP Theodore Behr
|
Batting: RHB Daniel Jackson
|
0-0: Fly out, F8 (Line Drive, 89M, EV 95.6 MPH)
|
Batting: RHB Ethan Finke
|
0-0: Ball 1-0: Ball 2-0: Ground out 1-3 (Groundball, 34S, EV 64.4 MPH)
|
Batting: RHB Ismael Macedo
|
0-0: Foul Ball, location: 2F 0-1: Called Strike 0-2: Ball 1-2: Foul Ball, location: 2F 1-2: Ball 2-2: SINGLE (Groundball, 4MS, EV 67.5 MPH) (infield hit)
|
Batting: RHB Luke Vaccarino
|
0-0: Called Strike Ismael Macedo steals 2nd base 0-1: Ball 1-1: Ball 2-1: Foul Ball, location: 2F 2-2: SINGLE (Line Drive, 89S, EV 93.1 MPH) Ismael Macedo to third Runner from 3rd tries for Home, throw by RF and OUT! 9-2
|
Top of the 4th over - 0 runs, 2 hits, 0 errors, 1 left on base; Delmarva 7 - Lake County 5 |
BOTTOM OF THE 4TH |
Lake County Captains batting - Pitching for Delmarva Shorebirds : RHP Nick Weirick
|
Batting: RHB Jeremy Givens
|
0-0: Called Strike 0-1: Ball 1-1: Ball 2-1: Ground out 6-3 (Groundball, 6, EV 80.0 MPH)
|
Batting: RHB George Wagner
|
0-0: Ball 1-0: Ball 2-0: Foul Ball, location: 2F 2-1: Foul Ball, location: 2F 2-2: Ball 3-2: Foul Ball, location: 2F 3-2: Fly out, F3 (Popup, 3SF, EV 80.6 MPH)
|
Batting: RHB Steve Gusman
|
0-0: Swinging Strike 0-1: Ball 1-1: Called Strike 1-2: Fly out, F8 (Flyball, 8RD, EV 95.6 MPH)
|
Bottom of the 4th over - 0 runs, 0 hits, 0 errors, 0 left on base; Delmarva 7 - Lake County 5 |
TOP OF THE 5TH |
Delmarva Shorebirds batting - Pitching for Lake County Captains : RHP Theodore Behr
|
Batting: RHB Francisco Viera
|
0-0: Ball 1-0: Ball 2-0: Ball 3-0: Called Strike 3-1: Called Strike 3-2: Fly out, F8 (Flyball, 8LM, EV 75.0 MPH)
|
Batting: RHB Mike Zepeda
|
0-0: Ball 1-0: Ball 2-0: Ball 3-0: Base on Balls
|
Batting: RHB Matt O'Dea
|
0-0: Foul Ball, location: 2F 0-1: Foul Ball, location: 2F 0-2: Ball 1-2: 2-RUN HOME RUN (Flyball, 7LD, EV 91.2 MPH), Distance : 354 ft
|
Pitching: RHP Nate Burnett
|
|
Batting: RHB Dave Perron
|
0-0: Called Strike 0-1: Ball 1-1: Foul Ball, location: 2F 1-2: Foul Ball, location: 2F 1-2: Foul Ball, location: 2F 1-2: Ground out 6-3 (Groundball, 6M, EV 110.0 MPH)
|
Batting: RHB Josh Hopp
|
0-0: Ground out 5-3 (Groundball, 56S, EV 70.0 MPH)
|
Top of the 5th over - 2 runs, 1 hit, 0 errors, 0 left on base; Delmarva 9 - Lake County 5 |
BOTTOM OF THE 5TH |
Lake County Captains batting - Pitching for Delmarva Shorebirds : RHP Nick Weirick
|
Batting: RHB Josh Patterson
|
0-0: SINGLE (Groundball, 6MD, EV 103.8 MPH)
|
Batting: LHB Jeff Palmowski
|
0-0: Ball 1-0: Ball 2-0: Ball Wild Pitch! Josh Patterson to second 3-0: Called Strike 3-1: Base on Balls
|
Pinch Hitting: LHB John Shults
|
0-0: Called Strike 0-1: Ball 1-1: Swinging Strike 1-2: Ball 2-2: Foul Ball, location: 2F 2-2: Strikes out swinging
|
Batting: LHB Aaron Caron
|
0-0: Ball 1-0: Ball 2-0: Ball 3-0: Base on Balls Josh Patterson to third Jeff Palmowski to second
|
Pinch Hitting: LHB Ben Rubenacker
|
0-0: Foul Ball, location: 2F 0-1: Ball 1-1: Called Strike 1-2: Ball 2-2: SINGLE (Groundball, 34D, EV 101.9 MPH) Josh Patterson scores Jeff Palmowski to third Aaron Caron to second Runner from 3rd tries for Home, SAFE, throw by RF to home
|
Batting: LHB Rich Walker
|
0-0: Called Strike Aaron Caron steals 3rd base 0-1: Ball 1-1: Ball 2-1: Foul Ball, location: 2F 2-2: Ground out 5-3 (Groundball, 6, EV 97.5 MPH) Ben Rubenacker to second
|
Pinch Hitting: LHB Brandon Hopper
|
0-0: Ball 1-0: SINGLE (Line Drive, 9S, EV 110.0 MPH) Aaron Caron scores Ben Rubenacker to third Runner from 3rd tries for Home, SAFE, throw by RF to home
|
Pitching: LHP Armando Florez
|
|
Batting: RHB George Wagner
|
0-0: Ball 1-0: Foul Ball, location: 2F 1-1: Swinging Strike 1-2: Foul Ball, location: 2F 1-2: Ground out 4-3 (Groundball, 4, EV 101.2 MPH)
|
Bottom of the 5th over - 4 runs, 3 hits, 0 errors, 1 left on base; Delmarva 9 - Lake County 9 |
TOP OF THE 6TH |
Delmarva Shorebirds batting - Pitching for Lake County Captains : RHP Nate Burnett
|
Now at 3B: Chris Diaz
|
|
Now at SS: John Bianconi
|
|
Now in LF: Brandon Hopper
|
|
Batting: RHB Daniel Jackson
|
0-0: Ball 1-0: Fly out, F7 (Flyball, 7, EV 90.6 MPH)
|
Batting: RHB Ethan Finke
|
0-0: Ball 1-0: Foul Ball, location: 2F 1-1: Fly out, F9 (Flyball, 9, EV 87.5 MPH)
|
Batting: RHB Ismael Macedo
|
0-0: Ground out 5-3 (Groundball, 25, EV 81.9 MPH)
|
Top of the 6th over - 0 runs, 0 hits, 0 errors, 0 left on base; Delmarva 9 - Lake County 9 |
BOTTOM OF THE 6TH |
Lake County Captains batting - Pitching for Delmarva Shorebirds : LHP Armando Florez
|
Batting: RHB Steve Gusman
|
0-0: Reached on error, E5 (Groundball, 56S, EV 70.0 MPH)
|
Batting: RHB Josh Patterson
|
0-0: Ball Steve Gusman is caught stealing 2nd base 2-4 1-0: Fly out, F8 (Flyball, 8RXD, EV 100.0 MPH)
|
Batting: LHB Jeff Palmowski
|
0-0: Swinging Strike 0-1: Ball 1-1: Ball 2-1: Ground out 6-3 (Groundball, 6, EV 109.4 MPH)
|
Bottom of the 6th over - 0 runs, 0 hits, 1 error, 0 left on base; Delmarva 9 - Lake County 9 |
TOP OF THE 7TH |
Delmarva Shorebirds batting - Pitching for Lake County Captains : RHP Nate Burnett
|
Batting: RHB Luke Vaccarino
|
0-0: Ball 1-0: Ground out 1-3 (Groundball, 15S, EV 67.5 MPH)
|
Batting: RHB Francisco Viera
|
0-0: Foul Ball, location: 2F 0-1: Swinging Strike 0-2: Ball 1-2: Strikes out looking
|
Batting: RHB Mike Zepeda
|
0-0: Ball 1-0: Foul Ball, location: 2F 1-1: SINGLE (Flyball, 78S, EV 92.5 MPH)
|
Batting: RHB Matt O'Dea
|
0-0: Ball Mike Zepeda steals 2nd base (no throw) 1-0: Foul Ball, location: 2F 1-1: Ball 2-1: Fly out, F9 (Flyball, 9D, EV 101.2 MPH)
|
Top of the 7th over - 0 runs, 1 hit, 0 errors, 1 left on base; Delmarva 9 - Lake County 9 |
BOTTOM OF THE 7TH |
Lake County Captains batting - Pitching for Delmarva Shorebirds : LHP Armando Florez
|
Pitching: RHP Jose Santos
|
|
Batting: RHB Chris Diaz
|
0-0: Ball 1-0: SINGLE (Groundball, 4MS, EV 65.0 MPH) (infield hit)
|
Batting: LHB Aaron Caron
|
0-0: Fly out, F9 (Flyball, 9LM, EV 93.8 MPH)
|
Pinch Hitting: LHB Vinny Carreno
|
0-0: Ball 1-0: Ball 2-0: Fly out, F8 (Flyball, 8LD, EV 100.6 MPH)
|
Batting: LHB Rich Walker
|
0-0: Ball 1-0: Ball 2-0: Called Strike 2-1: Foul Ball, location: 2F 2-2: Foul Ball, location: 2F Pickoff Throw to First - Error! E1 Chris Diaz to second 2-2: Foul Ball, location: 2F 2-2: Ball Wild Pitch! Chris Diaz to third 3-2: Reached via error on a dropped throw from 2B, E3 (Groundball, 4, EV 99.4 MPH) Chris Diaz scores
|
Batting: LHB Brandon Hopper
|
0-0: Called Strike 0-1: 2-RUN HOME RUN (Flyball, 9LD, EV 91.9 MPH), Distance : 339 ft
|
Pitching: RHP Adam Browne
|
|
Batting: RHB George Wagner
|
0-0: Ball 1-0: Ball 2-0: Swinging Strike 2-1: Called Strike 2-2: Strikes out swinging
|
Bottom of the 7th over - 3 runs, 2 hits, 2 errors, 0 left on base; Delmarva 9 - Lake County 12 |
TOP OF THE 8TH |
Delmarva Shorebirds batting - Pitching for Lake County Captains : RHP Nate Burnett
|
Now at 1B: Anibal Casteles
|
|
Now at 2B: Reynaldo Herrera
|
|
Now at SS: Josh Patterson
|
|
Now in LF: Steve Gusman
|
|
Batting: RHB Dave Perron
|
0-0: Ground out 6-3 (Groundball, 6, EV 110.6 MPH)
|
Batting: RHB Josh Hopp
|
0-0: Ball 1-0: Ball 2-0: Ball 3-0: Called Strike 3-1: SINGLE (Line Drive, 8RS, EV 91.9 MPH)
|
Batting: RHB Daniel Jackson
|
0-0: Swinging Strike 0-1: Swinging Strike 0-2: Foul Ball, location: 2F 0-2: Ball 1-2: Ball Pickoff Throw to First - Error! E1 Josh Hopp to second 2-2: Reached on error, E7 (Flyball, 7LS, EV 88.1 MPH) Josh Hopp to third
|
Batting: RHB Ethan Finke
|
0-0: Foul Ball, location: 2F 0-1: Swinging Strike 0-2: SINGLE (Groundball, 34, EV 96.9 MPH) (infield hit) Josh Hopp scores Daniel Jackson to second
|
Batting: RHB Ismael Macedo
|
0-0: Ball 1-0: Ball 2-0: Called Strike 2-1: Ball 3-1: Foul Ball, location: 2F 3-2: Grounds into double play, 5-4-3 (Groundball, 56, EV 98.8 MPH)
|
Top of the 8th over - 1 run, 2 hits, 2 errors, 1 left on base; Delmarva 10 - Lake County 12 |
BOTTOM OF THE 8TH |
Lake County Captains batting - Pitching for Delmarva Shorebirds : RHP Adam Browne
|
Batting: RHB Steve Gusman
|
0-0: Called Strike 0-1: Ground out 5-3 (Groundball, 56, EV 85.0 MPH)
|
Batting: RHB Josh Patterson
|
0-0: Ball 1-0: SINGLE (Line Drive, 56, EV 104.4 MPH)
|
Batting: LHB Jeff Palmowski
|
0-0: Called Strike 0-1: Foul Ball, location: 2F 0-2: Ball 1-2: Ball 2-2: Strikes out swinging
|
Batting: RHB Chris Diaz
|
0-0: Ball 1-0: Called Strike 1-1: Ball 2-1: Foul Ball, location: 2F 2-2: Strikes out swinging
|
Bottom of the 8th over - 0 runs, 1 hit, 0 errors, 1 left on base; Delmarva 10 - Lake County 12 |
TOP OF THE 9TH |
Delmarva Shorebirds batting - Pitching for Lake County Captains : RHP Nate Burnett
|
Pitching: LHP Troy Salzer
|
|
Batting: RHB Luke Vaccarino
|
0-0: Ball 1-0: Ball 2-0: Ball 3-0: Base on Balls
|
Batting: RHB Francisco Viera
|
0-0: Ball 1-0: Ball 2-0: Swinging Strike 2-1: Called Strike 2-2: Strikes out swinging
|
Batting: RHB Mike Zepeda
|
0-0: Foul Ball, location: 2F 0-1: Ball 1-1: Ball 2-1: Foul Ball, location: 2F 2-2: Ball 3-2: Fielders Choice at 2nd, 5-4 (Groundball, 5, EV 93.1 MPH)
|
Batting: RHB Matt O'Dea
|
0-0: Ball 1-0: Foul Ball, location: 2F 1-1: Foul Ball, location: 2F 1-2: Foul Ball, location: 2F 1-2: Strikes out looking
|
Top of the 9th over - 0 runs, 0 hits, 0 errors, 1 left on base; Delmarva 10 - Lake County 12 |
|